Map: Ruins of Seras

Players

자유갈망

  • Race: Protoss Protoss
  • League: Grandmaster

불타는마차

  • Race: Protoss Protoss
  • League: Grandmaster

DontPanic - Winner!

  • Race: Protoss Protoss
  • League: Silver

CunningStunt - Winner!

  • Race: Protoss Protoss
  • League: Gold

VOD

Have the link to the VOD?

Description

Time

  • Played on: Sept. 9, 2015, 9:36 a.m.
  • Length: 10:06
Show
View Real Time Build Order
Export as new Build Order

자유갈망 Protoss 

Build Orders:  

Get SALT Encoding   

  12  0:01  Probe (Chrono Boost)  
  13  0:11  Probe (Chrono Boost)  
  14  0:19  Pylon  
  14  0:22  Probe (Chrono Boost)  
  15  0:37  Probe (Chrono Boost)  
  16  0:47  Probe (Chrono Boost)  
  16  0:48  Gateway  
  17  0:50  Assimilator  
  17  0:57  Probe (Chrono Boost)  
  18  1:07  Probe (Chrono Boost)  
  19  1:15  Assimilator  
  19  1:17  Probe (Chrono Boost)  
  20  1:24  Pylon  
  20  1:39  Cybernetics Core  
  20  1:40  Probe (Chrono Boost)  
  20  1:45  Zealot (Chrono Boost)  
  20  1:46  Gateway  
  23  1:50  Probe (Chrono Boost)  
  24  2:00  Probe (Chrono Boost)  
  25  2:12  Warp Gate (Chrono Boost)  
  25  2:21  Stalker  
  27  2:25  Gateway  
  27  2:33  Gateway  
  27  2:51  Gateway  
  27  2:58  Pylon  
  27  3:04  Stalker  
  29  3:16  Pylon  
  29  3:21  Stalker  
  31  4:05  Stalker  
  31  4:06  Stalker  
  31  4:07  Stalker x3  
  41  4:27  Zealot  
  41  4:29  Stalker  
  45  4:32  Sentry  
  47  4:41  Pylon  
  47  4:48  Pylon  
  47  5:10  Stalker x3  
  47  5:11  Stalker x2  
  39  5:41  Zealot  
  35  5:43  Stalker x2, Zealot  
  35  5:46  Sentry  
  37  6:04  Stalker  
  37  6:05  Stalker  
  37  6:25  Probe (Chrono Boost)  
  36  6:27  Stalker x3  
  36  6:31  Sentry  
  42  7:03  Stalker x3  
  42  7:04  Stalker  
  42  7:41  Stalker x4  
  42  7:42  Stalker  
  48  8:03  Sentry  
  48  8:05  Adept, Zealot  
  52  8:06  Stalker  
  56  8:22  Stalker  
  50  8:53  Stalker x3  
  56  9:33  Stalker x3  
  46  9:49  Stalker x2  
Show
View Real Time Build Order
Export as new Build Order

불타는마차 Protoss 

Build Orders:  

Get SALT Encoding   

  12  0:00  Probe (Chrono Boost)  
  13  0:13  Probe (Chrono Boost)  
  14  0:18  Pylon  
  14  0:24  Probe (Chrono Boost)  
  15  0:31  Assimilator  
  15  0:36  Probe (Chrono Boost)  
  16  0:47  Gateway  
  16  0:54  Probe (Chrono Boost)  
  17  1:04  Probe (Chrono Boost)  
  18  1:14  Probe (Chrono Boost)  
  19  1:20  Pylon  
  19  1:24  Probe (Chrono Boost)  
  20  1:29  Gateway  
  20  1:35  Probe (Chrono Boost)  
  21  1:40  Cybernetics Core  
  21  1:46  Probe (Chrono Boost)  
  22  1:59  Zealot  
  24  2:05  Probe (Chrono Boost)  
  25  2:09  Assimilator  
  25  2:15  Probe (Chrono Boost)  
  26  2:25  Probe (Chrono Boost), Adept (Chrono Boost)  
  26  2:26  Sentry (Chrono Boost)  
  31  2:32  Pylon  
  31  2:50  Probe  
  32  2:54  Robotics Facility  
  32  2:57  Sentry (Chrono Boost)  
  34  3:02  Warp Gate (Chrono Boost)  
  34  3:06  Probe  
  34  3:12  Stalker  
  37  3:18  Probe  
  38  3:31  Nexus  
  38  3:36  Pylon  
  38  3:54  Stalker  
  40  4:00  Sentry  
  42  4:03  Probe (Chrono Boost)  
  43  4:13  Probe (Chrono Boost)  
  44  4:23  Probe (Chrono Boost)  
  45  4:25  Sentry  
  45  4:29  Assimilator  
  47  4:33  Assimilator  
  47  4:41  Pylon  
  47  4:42  Gateway  
  47  4:43  Probe (Chrono Boost), Immortal  
  52  4:48  Gateway  
  52  4:53  Probe (Chrono Boost)  
  52  4:59  Probe (Chrono Boost)  
  53  5:03  Probe (Chrono Boost)  
  55  5:10  Probe (Chrono Boost)  
  55  5:13  Probe (Chrono Boost)  
  55  5:20  Probe (Chrono Boost)  
  54  5:22  Stalker  
  50  5:30  Probe (Chrono Boost)  
  41  5:52  Stalker  
  41  5:56  Immortal (Chrono Boost)  
  39  6:02  Stalker  
  39  6:04  Zealot x2  
  26  6:29  Stalker x2  
  26  6:30  Zealot  
  4  6:55  Stalker, Zealot x2  
  4  7:18  Zealot x2  
  4  7:19  Probe  
  3  7:32  Probe  
Show
View Real Time Build Order
Export as new Build Order

DontPanic Protoss - Winner!

Build Orders:  

Get SALT Encoding   

  12  0:04  Probe (Chrono Boost)  
  13  0:30  Probe (Chrono Boost)  
  14  0:40  Probe (Chrono Boost)  
  15  0:44  Pylon  
  15  1:01  Probe (Chrono Boost)  
  16  1:04  Gateway  
  16  1:11  Probe (Chrono Boost)  
  17  1:22  Probe (Chrono Boost)  
  17  1:23  Assimilator  
  18  1:29  Pylon  
  18  1:32  Probe (Chrono Boost)  
  19  1:42  Probe (Chrono Boost)  
  20  1:48  Pylon  
  20  1:52  Probe (Chrono Boost)  
  21  1:58  Cybernetics Core  
  21  2:02  Probe (Chrono Boost)  
  22  2:13  Gateway  
  22  2:14  Zealot  
  24  2:26  Pylon  
  24  2:30  Probe (Chrono Boost)  
  24  2:31  Warp Gate (Chrono Boost)  
  25  2:39  Gateway  
  25  2:49  Probe (Chrono Boost)  
  26  2:58  Assimilator  
  26  3:00  Probe  
  26  3:03  Robotics Facility  
  26  3:04  Zealot  
  31  3:05  Adept  
  31  3:24  Probe, Pylon  
  32  3:30  Pylon  
  32  3:36  Probe  
  33  3:43  Adept  
  33  3:44  Adept x2  
  39  3:48  Probe  
  40  3:56  Immortal  
  44  4:07  Pylon  
  44  4:11  Probe  
  45  4:21  Forge  
  45  4:31  Adept  
  45  4:32  Adept x2  
  51  4:48  Immortal  
  54  5:16  Stalker  
  54  5:17  Stalker x2  
  48  6:05  Stalker x3  
  54  6:30  Stalker x2  
  54  6:31  Stalker  
  58  6:35  Photon Cannon  
  58  6:37  Pylon  
  58  6:42  Nexus  
  58  6:48  Pylon  
  46  7:30  Stalker x3  
  50  8:00  Immortal  
  50  8:03  Robotics Facility  
  50  8:04  Pylon  
  54  8:13  Photon Cannon  
  54  8:15  Stalker  
  54  8:18  Photon Cannon  
  56  8:20  Photon Cannon  
  56  8:30  Stalker x2  
  55  9:48  Stalker  
  55  9:49  Stalker x2  
  55  9:51  Probe  
  59  9:53  Probe  
Show
View Real Time Build Order
Export as new Build Order

CunningStunt Protoss - Winner!

Build Orders: 1 Gate Expand 

Get SALT Encoding   

  12  0:00  Probe (Chrono Boost)  
  13  0:11  Probe (Chrono Boost)  
  14  0:18  Pylon  
  14  0:22  Probe (Chrono Boost)  
  15  0:36  Probe (Chrono Boost)  
  15  0:39  Gateway  
  16  0:46  Probe (Chrono Boost)  
  17  0:56  Probe (Chrono Boost)  
  18  1:16  Nexus  
  18  1:20  Assimilator  
  18  1:29  Cybernetics Core  
  18  1:31  Probe (Chrono Boost)  
  19  1:37  Assimilator  
  19  1:48  Probe (Chrono Boost)  
  20  1:58  Probe (Chrono Boost), Pylon  
  21  2:12  Mothership Core (Chrono Boost)  
  23  2:16  Adept  
  25  2:27  Warp Gate  
  25  2:30  Probe (Chrono Boost)  
  26  2:38  Probe (Chrono Boost)  
  26  2:40  Probe (Chrono Boost)  
  28  2:46  Adept  
  30  2:53  Probe (Chrono Boost)  
  30  2:54  Probe (Chrono Boost)  
  32  3:04  Probe x2 (Chrono Boost)  
  34  3:07  Robotics Facility  
  33  3:14  Probe (Chrono Boost)  
  33  3:15  Adept  
  33  3:17  Probe (Chrono Boost)  
  37  3:23  Pylon  
  37  3:24  Probe (Chrono Boost)  
  38  3:34  Probe x2 (Chrono Boost)  
  40  3:44  Probe (Chrono Boost)  
  40  3:47  Gateway  
  41  3:50  Pylon  
  41  3:51  Probe (Chrono Boost)  
  41  3:54  Probe (Chrono Boost)  
  43  3:57  Warp Prism  
  45  4:07  Gateway  
  45  4:09  Gateway  
  45  4:11  Probe (Chrono Boost)  
  45  4:13  Probe (Chrono Boost)  
  47  4:22  Probe (Chrono Boost)  
  48  4:29  Probe (Chrono Boost)  
  49  4:32  Probe (Chrono Boost)  
  49  4:35  Adept  
  52  4:43  Immortal  
  54  4:54  Pylon  
  54  4:59  Adept x2  
  46  5:20  Adept x2  
  41  5:22  Adept  
  41  5:23  Adept  
  41  5:24  Probe x2 (Chrono Boost)  
  39  5:34  Probe x2 (Chrono Boost)  
  33  5:44  Probe x2 (Chrono Boost)  
  33  5:53  Stalker  
  33  5:54  Mothership Core (Chrono Boost), Probe (Chrono Boost)  
  32  6:04  Probe (Chrono Boost)  
  32  6:11  Adept x2  
  31  6:12  Probe (Chrono Boost)  
  30  6:22  Probe x2 (Chrono Boost)  
  32  6:32  Immortal (Chrono Boost)  
  32  6:36  Probe  
  32  6:37  Probe  
  38  6:48  Adept x2  
  37  7:02  Adept x2  
  37  7:05  Probe  
  37  7:07  Probe  
  32  7:19  Probe  
  33  7:25  Adept  
  27  7:39  Adept  
  27  7:40  Adept x2  
  25  7:48  Probe  
  21  7:59  Immortal (Chrono Boost)  
  21  8:03  Sentry  
  27  8:12  Sentry  
  29  8:17  Sentry  
  31  8:24  Pylon  
  31  8:25  Sentry  
  23  8:42  Sentry x2  
Tags
 
Add a new tag
Caveats
  • Supply blocks, unpowered buildings, or Contaminate may cause inaccurate times.
  • Supply counts are checked every 10 seconds.